 Dungeon Crawl Stone Soup version 0.30-a0-883-g5ad918d77d (webtiles) character file.

Game seed: 9559329547254019394

39 Pimp the Twirler (level 3, -4/30 HPs)
             Began as an Armataur Wanderer on Mar 16, 2023.
             Slain by a worm (6 damage)
             ... on level 1 of the Dungeon.
             The game lasted 00:02:07 (895 turns).

Pimp the Twirler (Armataur Wanderer)                 Turns: 895, Time: 00:02:08

Health: -4/30      AC:  5    Str: 20 (22) XL:     3   Next: 28%
Magic:  3/3        EV:  9    Int:  2 (9)  God:
Gold:   14         SH:  0    Dex:  2 (9)  Spells: 2/2 levels left

rFire   . . .      SeeInvis .    b - +0 hand axe
rCold   . . .      Faith    .    (no shield)
rNeg    . . .      Spirit   .    e - +0 leather armour
rPois   .          Reflect  .    (helmet restricted)
rElec   +          Roll     +    c - +0 cloak
rCorr   .                        (no gloves)
Will    .....                    (no barding)
Stlth   +                        (no amulet)
HPRegen 0.25/turn                (no ring)
MPRegen 0.08/turn                (no ring)

@: no status effects
A: large, rugged brown scales 3, deformed body, armoured tail, roll, long
tongue, awkward tongue, hooves 1, horns 1, clumsy 1, deterioration 1, robust 1,
electricity resistance, strong 1
a: no special abilities


You were on level 1 of the Dungeon.
You visited 1 branch of the dungeon, and saw 1 of its levels.

You collected 14 gold pieces.

Inventory:

Hand Weapons
 a - a +2 quarterstaff
 b - a +0 hand axe (weapon)
Armour
 c - a +0 cloak (worn)
 e - a +0 leather armour (worn)
Jewellery
 k - a ring of wizardry
Scrolls
 f - 2 scrolls of poison {unknown}
 g - a scroll of amnesia
 j - a scroll of teleportation {unknown}
Potions
 d - a potion of lignification
 h - 2 potions of mutation


   Skills:
 + Level 1.4 Axes
 - Level 3.6 Staves
 * Level 2.2 Armour
 + Level 3.1 Dodging
 + Level 1.9 Stealth


You had 2 spell levels left.
You didn't know any spells.
Your spell library was empty.

Dungeon Overview and Level Annotations

Branches:
Dungeon (1/15)

Altars:


Innate Abilities, Weirdness & Mutations

You are completely covered in rugged brown scales. (AC +3, +7% HP)
Armour fits poorly on your strangely shaped body.
You have a long armoured tail.
You roll when moving toward enemies. (Rampage)
Your long tongue fully drains potion bottles. (2x potion effects)
Your tongue gives you trouble enunciating. (1.5x scroll delay)
You have large cloven feet.
You have a pair of small horns on your head.
You are clumsy. (Dex -2)
Your body sometimes deteriorates upon taking damage.
You are robust. (+10% HP)
You are resistant to electric shocks. (rElec)
Your muscles are strong. (Str +4, Int/Dex -1)


Message History

You kill the endoplasm!
You completely miss the rat. Your headbutt misses the rat.
Your tail-slap misses the rat.
The rat bites you but does no damage. x2
You hit the rat.
Your tail-slap misses the rat.
The rat is heavily wounded.
The rat bites you but does no damage. The rat bites you.
You closely miss the rat. Your kick misses the rat. You headbutt the rat.
You kill the rat!
The endoplasm completely misses you.
You slash the endoplasm!
You kill the endoplasm!
The giant cockroach bites you but does no damage.
You barely miss the giant cockroach. Your kick misses the giant cockroach.
The giant cockroach bites you but does no damage.
The giant cockroach bites you.
You slash the giant cockroach!
You kill the giant cockroach!
Your dexterity has recovered.
You feel yourself speed up. The endoplasm hits you.
You barely miss the endoplasm. You headbutt the endoplasm.
You kill the endoplasm!
The rat bites you.
* * * LOW HITPOINT WARNING * * *
You closely miss the rat. The rat barely misses you.
You hit the rat. You headbutt the rat.
You kill the rat!
You barely miss the worm. Your kick misses the worm. You hit the worm.
You headbutt the worm!
The worm is heavily wounded.
You hit the worm but do no damage. Your kick misses the worm.
You headbutt the worm, but do no damage.
Your tail-slap misses the worm.
You hit the worm. The worm bites you.
* * * LOW HITPOINT WARNING * * *
The worm bites you.
* * * LOW HITPOINT WARNING * * *
You hit the worm.
The worm is lightly wounded.
You hit the worm. The worm bites you.
You die...

#.....##...........####.....###
#........†.†...............)...
#.........................#####
#..#...###############.#..#
#.(....#.............#.##.#
#......#.............#.##.#
#####..#.............#.##.#
#..#######w#######.##.#
#..#.....†@w.....#.##.#
###..+⌠....###....⌠'..#.#
#..(.#......<......#....#
#....#..⌠...>...⌠..#....#
#....###+#######+###..###
#....................##
#......#####........##
######.#####..#.#####
#....>...###


You could see 2 worms.

Vanquished Creatures
  8 endoplasms (D:1)
  7 giant cockroaches (D:1)
  2 goblins (D:1)
  2 hobgoblins (D:1)
  A kobold (D:1)
  A quokka (D:1)
  2 ball pythons (D:1)
  2 bats (D:1)
  2 frilled lizards (D:1)
  9 rats (D:1)
36 creatures vanquished.

Notes
Turn   | Place    | Note
-------+----------+-------------------------------------------
     0 | D:1      | Pimp the Armataur Wanderer began the quest for the Orb.
     0 | D:1      | Pimp set off with the following items: a +2 quarterstaff, a
                  | +0 hand axe, a +0 cloak, a potion of lignification, a +0
                  | leather armour.
     0 | D:1      | Reached XP level 1. HP: 14/14 MP: 1/1
     1 | D:1      | Found a runed translucent door.
   123 | D:1      | Reached skill level 1 in Armour
   265 | D:1      | Reached XP level 2. HP: 20/21 MP: 2/2
   631 | D:1      | Found a faded altar of an unknown god.
   869 | D:1      | Gained mutation: You are resistant to electric shocks.
                  | (rElec) [potion of mutation]
   869 | D:1      | Gained mutation: Your body sometimes deteriorates upon
                  | taking damage. [potion of mutation]
   869 | D:1      | Gained mutation: You are clumsy. (Dex -2) [potion of
                  | mutation]
   869 | D:1      | Gained mutation: You have large cloven feet. [potion of
                  | mutation]
   869 | D:1      | Gained mutation: You are robust. (+10% HP) [potion of
                  | mutation]
   869 | D:1      | Gained mutation: Your muscles are strong. (Str +4, Int/Dex
                  | -1) [potion of mutation]
   869 | D:1      | Gained mutation: You have a pair of small horns on your
                  | head. [potion of mutation]
   871 | D:1      | Lost dexterity.
   877 | D:1      | Reached XP level 3. HP: 20/30 MP: 3/3
   895 | D:1      | Slain by a worm

Illustrated notes

Levels and vault maps discovered:
D:1:      dpeg_arrival_caged_fury, layout_loops_corners,
          shapermc_ecumenical_altar_hornbeckon

Skill      XL: |  1  2 |
---------------+-------+-----
Dodging        | 3 |  3.1
Armour         | 1 2 |  2.2
Axes           | |  1.4
Staves         | |  3.6
Stealth        | |  1.9

Action                     || total
---------------------------++-------
  Melee: Hand axe          ||    82
         Tailslap          ||     7
         Kick              ||     3
         Punch             ||     1
         Headbutt          ||     6
    Use: Scroll            ||     1
         Potion            ||     4
   Stab: Sleeping          ||     2
 Armour: Leather armour    ||    51
  Dodge: Dodged            ||    30

Table legend: (Time is in decaauts)
 A = Elapsed time spent in this place.
 B = Non-inter-level travel time spent in this place.
 C = Inter-level travel time spent in this place.
 D = Time resting spent in this place.
 E = Time spent auto-exploring this place.
 F = Levels seen in this place.
 G = Mean time per level.
                   A        B        C        D        E       F      G
               +--------+--------+--------+--------+--------+-----+--------+
         Total |    923 |    923 |      0 |      0 |    704 |   1 |  923.0 |
       Dungeon |    923 |    923 |      0 |      0 |    704 |   1 |  923.0 |
               +--------+--------+--------+--------+--------+-----+--------+

Top non-repeatable levels by time:
     D:1: 923 daAuts
